Hershey Bears vs Lowell Devils

Created - 15 novembre 2017 at 06:08

Goals
1 2 3 OT1 SO T
Hershey Bears 0 2 1 0 0 3
Lowell Devils 0 1 2 0 1 4
Shots
1 2 3 OT1 SO T
Hershey Bears 3 10 19 1 3 33
Lowell Devils 11 13 6 1 2 31

1st period

No Goal

Penalties :
Andrew Mangiapane (DEV) for Fighting (Major) at 14:43, Cory Conacher (BEA) for Fighting (Major) at 14:43

2nd period

1. Lowell Devils , Danton Heinen 9 (Mark Fayne 9) at 9:36 (PP)
2. Hershey Bears , Dalton Prout 2 (Andrew Desjardins 12, Cory Conacher 18) at 15:00 (PP)
3. Hershey Bears , Cory Conacher 12 (Andrew Desjardins 13) at 18:58

Penalties :
Andrew Desjardins (BEA) for Tripping (Minor) at 8:08, Cory Conacher (BEA) for High sticking (Minor) at 11:25, MacKenzie Weegar (DEV) for Roughing (Minor) at 14:49

3rd period

4. Lowell Devils , Nick Baptiste 8 (Trevor Smith 19) at 0:29
5. Lowell Devils , Daniel O'Regan 12 (Austin Czarnik 16) at 11:05
6. Hershey Bears , Cory Conacher 13 (Andy Miele 16, Andrew Desjardins 14) at 12:51 (PP)

Penalties :
Cory Conacher (BEA) for Tripping (Minor) at 3:14, Mark Fayne (DEV) for Holding (Minor) at 11:38

Overtime #1

No Goal

Penalties :
No Penalty

Shootout

Penalty Shot by Cory Conacher for Hershey Bears - Stopped by Reto Berra
Penalty Shot by Daniel O'Regan for Lowell Devils - Goal!
Penalty Shot by Andy Miele for Hershey Bears - Stopped by Reto Berra
Penalty Shot by Chris Conner for Lowell Devils - Stopped by Mike McKenna
Penalty Shot by Andrew Desjardins for Hershey Bears - Stopped by Reto Berra

Penalties :
No Penalty

Goalie Stats

Mike McKenna (BEA), 28 saves from 31 shots - (0,903), OTL, 5-6-4, 65:00 minutes
Reto Berra (DEV), 30 saves from 33 shots - (0,909), W, 7-2-2, 65:00 minutes

Players Stats for Hershey Bears

Player Name              G  A  P  +/- PIM S  H  SB GA TA FO     MP     PP MP  PK MP  
------------------------------------------------------------------------------------
Andrew Desjardins        0  3  3   0  2   0  2  1  0  0  1/3    19:23   0:53   0:21 
Andy Miele               0  1  1   0  0   4  1  1  1  1  11/31  24:04   0:53   3:11 
Brendan Gaunce           0  0  0   0  0   2  3  1  1  0  0/0    14:44   0:00   0:00 
Carter Camper            0  0  0   0  0   2  1  1  2  1  0/0    14:13   0:00   0:58 
Chris Bourque            0  0  0  -1  0   5  5  0  1  0  0/0    18:37   0:31   1:07 
Chris Wagner             0  0  0  -1  0   5  2  0  3  0  6/14   18:40   0:31   0:37 
Colby Cave               0  0  0   0  0   1  0  0  0  0  2/4    16:19   0:00   0:00 
Cory Conacher            2  1  3   0  9   8  1  0  2  1  4/9    23:10   0:53   1:12 
Cristoval Nieves         0  0  0   0  0   0  1  0  0  0  0/0     8:21   0:00   1:41 
Dalton Prout             1  0  1  -1  0   1  0  1  0  4  0/0    30:18   0:56   3:41 
James Wisniewski         0  0  0   0  0   1  0  0  0  0  0/0     4:06   0:00   0:00 
John Hayden              0  0  0   0  0   0  3  0  0  0  1/5     9:52   0:00   1:45 
Mark Fraser              0  0  0   0  0   0  2  0  0  1  0/0    13:55   0:00   0:00 
Matt Carle               0  0  0   0  0   0  0  0  0  0  0/0    13:31   0:00   0:00 
Michael Kostka           0  0  0  -1  0   0  2  1  1  1  0/0    26:56   0:56   3:41 
Mike Blunden             0  0  0  -1  0   2  1  1  0  0  0/0    17:07   0:31   0:00 
Nicolas Deslauriers      0  0  0   0  0   2  1  2  0  0  0/0    20:25   0:28   1:45 
Tyler Wotherspoon        0  0  0   0  0   0  0  2  0  0  0/0    20:49   0:28   1:45 

Players Stats for Lowell Devils

Player Name              G  A  P  +/- PIM S  H  SB GA TA FO     MP     PP MP  PK MP  
------------------------------------------------------------------------------------
Andrew Mangiapane        0  0  0   0  5   2  2  0  0  1  1/6    10:02   0:00   0:00 
Andrew Poturalski        0  0  0   1  0   2  3  0  0  0  0/0    17:50   2:41   0:00 
Andrew Welinski          0  0  0  -1  0   0  1  0  0  2  0/0    23:57   2:42   0:30 
Austin Czarnik           0  1  1   0  0   6  2  2  2  0  3/6    24:02   2:43   0:46 
Brendan Ranford          0  0  0   0  0   0  3  0  0  0  0/0    13:06   0:08   0:00 
Chris Conner             0  0  0   0  0   3  1  0  2  0  0/0    13:52   0:00   0:00 
Daniel O'Regan           1  0  1   0  0   8  1  1  1  0  19/31  25:09   2:43   0:46 
Danton Heinen            1  0  1   0  0   2  0  1  1  2  1/2    24:00   2:43   0:38 
Gavin Bayreuther         0  0  0   0  0   0  0  2  0  1  0/0    14:39   0:00   0:54 
Jack Dougherty           0  0  0   2  0   1  2  0  0  2  0/0    27:19   2:44   0:30 
MacKenzie Weegar         0  0  0  -1  2   1  1  1  0  0  0/0    23:55   2:42   0:54 
Mark Fayne               0  1  1   2  2   1  1  0  0  1  0/0    26:23   2:44   0:00 
Nick Baptiste            1  0  1   1  0   2  1  0  1  0  1/2    19:28   2:37   0:00 
Nolan Zajac              0  0  0   0  0   1  0  0  0  1  0/0    13:45   0:00   0:00 
Sam Anas                 0  0  0   0  0   0  0  1  0  0  1/1     7:30   0:00   0:00 
Trevor Moore             0  0  0   0  0   2  1  0  1  0  0/0     7:38   0:02   0:00 
Trevor Smith             0  1  1   1  0   0  2  0  1  1  10/12  17:50   2:41   0:00 
Tyler Gaudet             0  0  0   0  0   0  0  0  0  0  5/6     8:08   0:00   0:38 

3 Stars

1 - Nick Baptiste (DEV)
2 - Andrew Desjardins (BEA)
3 - Daniel O'Regan (DEV)

Power Play

Hershey Bears - 2 on 2 Attempt(s) - 100,00%
Lowell Devils - 1 on 3 Attempt(s) - 33,33%

Penalty Kill

Hershey Bears - 2 on 3 Attempt(s) - 66,67% - Score 0 goal in Penalty Kill
Lowell Devils - 0 on 2 Attempt(s) - 0,00% - Score 0 goal in Penalty Kill

Team Stat

Hershey Bears - Hits : 25 - Faceoff Wins : 25 - Blocked Shots : 11 - Penalty Minutes : 11
Lowell Devils - Hits : 21 - Faceoff Wins : 41 - Blocked Shots : 8 - Penalty Minutes : 9

Official

Referees : Tom Kowal and Steve Kozari
Linesman : Darren Gibbs and Brian Mach

Game Notes

Andrew Mangiapane and Cory Conacher fight to a draw at 14:43 of 1st period

Finance

Level 1 -- Attendance: 1622 (81,10%) -- Ticket Income 56 770 $
Level 2 -- Attendance: 728 (72,80%) -- Ticket Income 10 920 $
Total Attendance: 2350 (78,33%)
Total Ticket Income: 67 690 $
Other Income: 33 168 $
Total Income: 100 858 $

Hershey Bears

5 vs 5 Forward 
   Center                   Left Wing                Right Wing               Time % Phy DF OF 
 1 Andy Miele               Cory Conacher            Andrew Desjardins        40     1   2  2  
 2 Chris Wagner             Chris Bourque            Mike Blunden             30     1   2  2  
 3 Colby Cave               Brendan Gaunce           Carter Camper            20     1   2  2  
 4 John Hayden              Cristoval Nieves         Cory Conacher            10     1   2  2  

5 vs 5 Defense 
   Defense                  Defense                                           Time % Phy DF OF 
 1 Dalton Prout             Michael Kostka                                    40     1   2  2  
 2 Tyler Wotherspoon        Nicolas Deslauriers                               30     1   2  2  
 3 Mark Fraser              Matt Carle                                        20     1   2  2  
 4 James Wisniewski         Dalton Prout                                      10     1   2  2  

PowerPlay Forward 
   Center                   Left Wing                Right Wing               Time % Phy DF OF 
 1 Andy Miele               Cory Conacher            Andrew Desjardins        60     1   2  2  
 2 Chris Wagner             Chris Bourque            Mike Blunden             40     1   2  2  

PowerPlay Defense
   Defense                  Defense                                           Time % Phy DF OF 
 1 Dalton Prout             Michael Kostka                                    60     1   2  2  
 2 Tyler Wotherspoon        Nicolas Deslauriers                               40     1   2  2  

Penalty Kill 4 Players Forward 
   Center                   Wing                     Time % Phy DF OF 
 1 Cory Conacher            Andy Miele               60     1   2  2  
 2 Andrew Desjardins        Chris Wagner             40     1   2  2  

Penalty Kill 4 Players Defense
   Defense                  Defense                  Time % Phy DF OF 
 1 Dalton Prout             Michael Kostka           60     1   2  2  
 2 Tyler Wotherspoon        Nicolas Deslauriers      40     1   2  2  

Penalty Kill - 3 Players Forward 
   Forward                                           Time % Phy DF OF 
 1 Cory Conacher                                     60     1   2  2  
 2 Andy Miele                                        40     1   2  2  

Penalty Kill - 3 Players Defense
   Defense                  Defense                  Time % Phy DF OF 
 1 Dalton Prout             Michael Kostka           60     1   2  2  
 2 Tyler Wotherspoon        Nicolas Deslauriers      40     1   2  2  

4 vs 4 Forward 
   Center                   Wing                     Time % Phy DF OF 
 1 Cory Conacher            Andy Miele               60     1   2  2  
 2 Andrew Desjardins        Chris Wagner             40     1   2  2  

4 vs 4 Defense
   Defense                  Defense                  Time % Phy DF OF 
 1 Dalton Prout             Michael Kostka           60     1   2  2  
 2 Tyler Wotherspoon        Nicolas Deslauriers      40     1   2  2  

Last Minutes Offensive
   Center                   Left Wing                Right Wing               Defense                  Defense                  
   Andy Miele               Cory Conacher            Andrew Desjardins        Dalton Prout             Michael Kostka           

Last Minutes Defensive
   Center                   Left Wing                Right Wing               Defense                  Defense                  
   Andy Miele               Cory Conacher            Andrew Desjardins        Dalton Prout             Michael Kostka           

Goaltenders
Starting : Mike McKenna             
Backup : Mackenzie Skapski        

Extra Forwards
Normal : Colby Cave, Brendan Gaunce, John Hayden - PP : Colby Cave, Brendan Gaunce - PK : John Hayden
Extra Defensemen
Normal : Mark Fraser, Matt Carle, James Wisniewski - PP : Mark Fraser - PK : Matt Carle, James Wisniewski
Penalty Shots
Cory Conacher, Andy Miele, Andrew Desjardins, Chris Wagner, Nicolas Deslauriers

Scratches
Tom Sestito (Healthy), Bryce Gervais (Healthy), Teddy Blueger (Healthy), Thomas Di Pauli (Healthy), Justin Hickman (Healthy)
Klas Dahlbeck (Healthy), Markus Eisenschmid (Healthy)

Lowell Devils

5 vs 5 Forward 
   Center                   Left Wing                Right Wing               Time % Phy DF OF 
 1 Daniel O'Regan           Austin Czarnik           Danton Heinen            40     0   1  4  
 2 Trevor Smith             Andrew Poturalski        Nick Baptiste            33     0   1  4  
 3 Andrew Mangiapane        Brendan Ranford          Chris Conner             19     0   1  4  
 4 Tyler Gaudet             Trevor Moore             Sam Anas                 8      0   2  3  

5 vs 5 Defense 
   Defense                  Defense                                           Time % Phy DF OF 
 1 Jack Dougherty           Mark Fayne                                        40     0   3  2  
 2 MacKenzie Weegar         Andrew Welinski                                   34     0   3  2  
 3 Nolan Zajac              Gavin Bayreuther                                  24     0   3  2  
 4 Jack Dougherty           Andrew Welinski                                   2      0   3  2  

PowerPlay Forward 
   Center                   Left Wing                Right Wing               Time % Phy DF OF 
 1 Daniel O'Regan           Austin Czarnik           Danton Heinen            50     0   0  5  
 2 Trevor Smith             Andrew Poturalski        Nick Baptiste            50     0   0  5  

PowerPlay Defense
   Defense                  Defense                                           Time % Phy DF OF 
 1 Jack Dougherty           Mark Fayne                                        54     0   1  4  
 2 MacKenzie Weegar         Andrew Welinski                                   46     0   1  4  

Penalty Kill 4 Players Forward 
   Center                   Wing                     Time % Phy DF OF 
 1 Tyler Gaudet             Danton Heinen            50     0   4  1  
 2 Daniel O'Regan           Austin Czarnik           50     0   4  1  

Penalty Kill 4 Players Defense
   Defense                  Defense                  Time % Phy DF OF 
 1 Jack Dougherty           Andrew Welinski          50     0   5  0  
 2 MacKenzie Weegar         Mark Fayne               50     0   5  0  

Penalty Kill - 3 Players Forward 
   Forward                                           Time % Phy DF OF 
 1 Chris Conner                                      53     0   5  0  
 2 Tyler Gaudet                                      47     0   5  0  

Penalty Kill - 3 Players Defense
   Defense                  Defense                  Time % Phy DF OF 
 1 Jack Dougherty           Andrew Welinski          50     1   4  0  
 2 MacKenzie Weegar         Mark Fayne               50     1   4  0  

4 vs 4 Forward 
   Center                   Wing                     Time % Phy DF OF 
 1 Austin Czarnik           Danton Heinen            50     0   1  4  
 2 Daniel O'Regan           Chris Conner             50     0   1  4  

4 vs 4 Defense
   Defense                  Defense                  Time % Phy DF OF 
 1 Jack Dougherty           Andrew Welinski          50     0   3  2  
 2 MacKenzie Weegar         Mark Fayne               50     0   3  2  

Last Minutes Offensive
   Center                   Left Wing                Right Wing               Defense                  Defense                  
   Danton Heinen            Chris Conner             Daniel O'Regan           Jack Dougherty           Andrew Welinski          

Last Minutes Defensive
   Center                   Left Wing                Right Wing               Defense                  Defense                  
   Danton Heinen            Chris Conner             Daniel O'Regan           Jack Dougherty           Andrew Welinski          

Goaltenders
Starting : Reto Berra               
Backup : Charlie Lindgren         

Extra Forwards
Normal : Brendan Ranford, Chris Conner, Nick Baptiste - PP : Brendan Ranford, Trevor Moore - PK : Chris Conner
Extra Defensemen
Normal : Nolan Zajac, Gavin Bayreuther, MacKenzie Weegar - PP : Nolan Zajac - PK : Gavin Bayreuther, MacKenzie Weegar
Penalty Shots
Daniel O'Regan, Chris Conner, Danton Heinen, Andrew Mangiapane, Andrew Poturalski

Scratches
Dan Renouf (Healthy), Conor Garland (Healthy), Vojtech Mozik (Healthy), Trevor Murphy (Healthy), Gerald Mayhew (Healthy)
Nikita Nesterov (Healthy), Spencer Martin (Healthy)

% Time on Ice - Hershey Bears

Lines # - Real PCT - Wanted PCT - Time Play
Normal Forward
1 - 33% - 40% - 17:44
2 - 33% - 30% - 17:34
3 - 21% - 20% - 11:16
4 - 12% - 10% - 6:36
Normal Defense
1 - 36% - 40% - 19:22
2 - 31% - 30% - 16:28
3 - 25% - 20% - 13:14
4 - 8% - 10% - 4:06
PP Forward
1 - 63% - 60% - 0:53
2 - 37% - 40% - 0:31
PP Defense
1 - 67% - 60% - 0:56
2 - 33% - 40% - 0:28
PK Forward
1 - 89% - 60% - 4:49
2 - 11% - 40% - 0:37
PK Defense
1 - 68% - 60% - 3:41
2 - 32% - 40% - 1:45
PK3 Forward
1 - 0% - 60%
2 - 0% - 40%
PK3 Defense
1 - 0% - 60%
2 - 0% - 40%
44 Forward
1 - 79% - 60% - 3:56
2 - 21% - 40% - 1:04
44 Defense
1 - 52% - 60% - 2:35
2 - 48% - 40% - 2:25
Last Minute Offensive  - 0:00
Last Minute Defensive  - 0:00
Total
Forward - 65:00
Defense - 65:00

% Time on Ice - Lowell Devils

Lines # - Real PCT - Wanted PCT - Time Play
Normal Forward
1 - 36% - 40% - 18:53
2 - 29% - 33% - 15:15
3 - 22% - 19% - 11:32
4 - 14% - 8% - 7:30
Normal Defense
1 - 40% - 40% - 21:29
2 - 34% - 34% - 18:09
3 - 24% - 24% - 12:53
4 - 1% - 2% - 0:39
PP Forward
1 - 50% - 50% - 2:43
2 - 50% - 50% - 2:43
PP Defense
1 - 50% - 54% - 2:44
2 - 50% - 46% - 2:42
PK Forward
1 - 45% - 50% - 0:38
2 - 55% - 50% - 0:46
PK Defense
1 - 36% - 50% - 0:30
2 - 64% - 50% - 0:54
PK3 Forward
1 - 0% - 53%
2 - 0% - 47%
PK3 Defense
1 - 0% - 50%
2 - 0% - 50%
44 Forward
1 - 48% - 50% - 2:23
2 - 52% - 50% - 2:37
44 Defense
1 - 39% - 50% - 1:57
2 - 61% - 50% - 3:03
Last Minute Offensive  - 0:00
Last Minute Defensive  - 0:00
Total
Forward - 65:00
Defense - 65:00

Play by Play

1st period


0:01 of 1st period - Daniel O'Regan wins face-off versus Andy Miele in neutral zone.
0:44 of 1st period - Snap shot by Austin Czarnik.
0:44 of 1st period - Stopped by Mike McKenna with a rebound.
1:13 of 1st period - Icing by Mike Blunden.
1:14 of 1st period - Chris Wagner wins face-off versus Andrew Mangiapane in Hershey Bears zone.
1:31 of 1st period - Slapshot by Chris Conner.
1:31 of 1st period - Stopped by Mike McKenna with a rebound.
2:42 of 1st period - Wrist shot by Mike Blunden.
2:42 of 1st period - Shot Misses the Net.
4:00 of 1st period - Dalton Prout is hit by Jack Dougherty and loses puck.
4:49 of 1st period - Off-side.
4:50 of 1st period - Andy Miele wins face-off versus Andrew Mangiapane in neutral zone.
5:05 of 1st period - Snap shot by Andrew Mangiapane.
5:05 of 1st period - Shot Misses the Net.
5:07 of 1st period - Slapshot by Mark Fayne.
5:07 of 1st period - Stopped by Mike McKenna without a rebound.
5:08 of 1st period - Chris Wagner wins face-off versus Nick Baptiste in Hershey Bears zone.
5:41 of 1st period - Snap shot by Austin Czarnik.
5:41 of 1st period - Shot Misses the Net.
5:43 of 1st period - Slapshot by Gavin Bayreuther.
5:43 of 1st period - Shot Blocked by Andy Miele.
5:50 of 1st period - Icing by Mark Fraser.
5:51 of 1st period - Colby Cave wins face-off versus Andrew Mangiapane in Hershey Bears zone.
7:10 of 1st period - Wrist shot by Trevor Moore.
7:10 of 1st period - Stopped by Mike McKenna with a rebound.
7:16 of 1st period - Tyler Gaudet is hit by John Hayden and loses puck.
7:47 of 1st period - Snap shot by Cory Conacher.
7:47 of 1st period - Shot Blocked by Gavin Bayreuther.
7:57 of 1st period - Andrew Mangiapane is hit by Brendan Gaunce.
8:27 of 1st period - Icing by Mike Blunden.
8:28 of 1st period - Trevor Smith wins face-off versus Chris Wagner in Hershey Bears zone.
8:41 of 1st period - Andrew Desjardins is hit by Austin Czarnik and loses puck.
8:49 of 1st period - Off-side.
8:50 of 1st period - Andy Miele wins face-off versus Austin Czarnik in neutral zone.
8:53 of 1st period - Snap shot by Cory Conacher.
8:53 of 1st period - Shot Misses the Net.
9:42 of 1st period - Colby Cave is hit by Andrew Mangiapane and loses puck.
10:17 of 1st period - Wrist shot by Daniel O'Regan.
10:17 of 1st period - Shot Blocked by Mike Blunden.
10:19 of 1st period - Snap shot by Daniel O'Regan.
10:19 of 1st period - Stopped by Mike McKenna with a rebound.
10:21 of 1st period - Wrist shot by Austin Czarnik.
10:21 of 1st period - Shot Misses the Net.
10:23 of 1st period - Snap shot by Danton Heinen.
10:23 of 1st period - Shot Misses the Net.
11:04 of 1st period - Icing by Sam Anas.
11:05 of 1st period - Sam Anas wins face-off versus John Hayden in Lowell Devils zone.
11:14 of 1st period - Wrist shot by Daniel O'Regan.
11:14 of 1st period - Shot Misses the Net.
11:16 of 1st period - Wrist shot by Nolan Zajac.
11:16 of 1st period - Stopped by Mike McKenna without a rebound.
11:17 of 1st period - Daniel O'Regan wins face-off versus Chris Wagner in Hershey Bears zone.
12:14 of 1st period - Icing by Andrew Poturalski.
12:15 of 1st period - Nick Baptiste wins face-off versus Colby Cave in Lowell Devils zone.
12:15 of 1st period - Nick Baptiste is hit by Brendan Gaunce.
13:07 of 1st period - Snap shot by Andrew Poturalski.
13:07 of 1st period - Stopped by Mike McKenna with a rebound.
13:15 of 1st period - Trevor Smith is hit by Mark Fraser and loses puck.
13:32 of 1st period - Wrist shot by Brendan Gaunce.
13:32 of 1st period - Stopped by Reto Berra without a rebound.
13:33 of 1st period - Andy Miele wins face-off versus Daniel O'Regan in Lowell Devils zone.
13:39 of 1st period - Off-side.
13:40 of 1st period - Daniel O'Regan wins face-off versus Andrew Desjardins in neutral zone.
13:47 of 1st period - Snap shot by Daniel O'Regan.
13:47 of 1st period - Shot Misses the Net.
14:11 of 1st period - Snap shot by Chris Bourque.
14:11 of 1st period - Deflect By Mike Blunden.
14:11 of 1st period - Shot Misses the Net.
14:11 of 1st period - Puck is out of play.
14:12 of 1st period - Daniel O'Regan wins face-off versus Chris Wagner in Lowell Devils zone.
14:25 of 1st period - Slapshot by Mike Blunden.
14:25 of 1st period - Shot Misses the Net.
14:27 of 1st period - Wrist shot by Chris Wagner.
14:27 of 1st period - Deflect By Chris Bourque.
14:27 of 1st period - Shot Misses the Net.
14:27 of 1st period - Puck is out of play.
14:28 of 1st period - Andrew Mangiapane wins face-off versus Andy Miele in Lowell Devils zone.
14:39 of 1st period - Backhand shot by Andrew Mangiapane.
14:39 of 1st period - Stopped by Mike McKenna with a rebound.
14:43 of 1st period - Andrew Mangiapane and Cory Conacher fight to a draw.
14:43 of 1st period - Penalty to Andrew Mangiapane for Fighting.
14:43 of 1st period - Penalty to Cory Conacher for Fighting.
14:44 of 1st period - Danton Heinen wins face-off versus Andrew Desjardins in Hershey Bears zone.
15:09 of 1st period - Nick Baptiste is hit by Mike Blunden and loses puck.
15:51 of 1st period - Off-side.
15:52 of 1st period - Tyler Gaudet wins face-off versus Andy Miele in neutral zone.
15:55 of 1st period - Matt Carle is hit by Trevor Moore and loses puck.
16:00 of 1st period - Snap shot by Trevor Moore.
16:00 of 1st period - Stopped by Mike McKenna with a rebound.
16:02 of 1st period - Slapshot by MacKenzie Weegar.
16:02 of 1st period - Shot Misses the Net.
16:04 of 1st period - Wrist shot by Trevor Moore.
16:04 of 1st period - Shot Blocked by Brendan Gaunce.
16:06 of 1st period - Snap shot by Trevor Moore.
16:06 of 1st period - Shot Misses the Net.
16:08 of 1st period - Slapshot by MacKenzie Weegar.
16:08 of 1st period - Shot Misses the Net.
17:01 of 1st period - Mike Blunden is hit by Trevor Smith.
17:15 of 1st period - Slapshot by Sam Anas.
17:15 of 1st period - Shot Misses the Net.
17:51 of 1st period - Andrew Poturalski is hit by John Hayden and loses puck.
18:52 of 1st period - Icing by Nicolas Deslauriers.
18:53 of 1st period - Tyler Gaudet wins face-off versus Andy Miele in Hershey Bears zone.
19:30 of 1st period - Icing by Mark Fayne.
19:31 of 1st period - Trevor Smith wins face-off versus John Hayden in Lowell Devils zone.
19:31 of 1st period - Trevor Smith is hit by John Hayden.
19:39 of 1st period - Wrist shot by Carter Camper.
19:39 of 1st period - Shot Misses the Net.
19:41 of 1st period - Slapshot by James Wisniewski.
19:41 of 1st period - Stopped by Reto Berra without a rebound.
19:42 of 1st period - Andy Miele wins face-off versus Daniel O'Regan in Lowell Devils zone.
19:47 of 1st period - Wrist shot by Andy Miele.
19:47 of 1st period - Deflect By Colby Cave.
19:47 of 1st period - Stopped by Reto Berra without a rebound.
19:48 of 1st period - Austin Czarnik wins face-off versus Andy Miele in Lowell Devils zone.
19:57 of 1st period - Snap shot by Austin Czarnik.
19:57 of 1st period - Stopped by Mike McKenna with a rebound.
19:59 of 1st period - Slapshot by Daniel O'Regan.
19:59 of 1st period - Stopped by Mike McKenna without a rebound.
Goals for this period are 0 for Hershey Bears vs 0 for Lowell Devils.
Shots for this period are 3 for Hershey Bears vs 11 for Lowell Devils.

2nd period


0:01 of 2nd period - Andrew Desjardins wins face-off versus Daniel O'Regan in neutral zone.
0:14 of 2nd period - Wrist shot by Cory Conacher.
0:14 of 2nd period - Stopped by Reto Berra with a rebound.
2:16 of 2nd period - Dalton Prout is hit by Brendan Ranford.
2:52 of 2nd period - Snap shot by Andy Miele.
2:52 of 2nd period - Shot Misses the Net.
3:11 of 2nd period - Snap shot by Brendan Gaunce.
3:11 of 2nd period - Stopped by Reto Berra with a rebound.
3:21 of 2nd period - Chris Bourque is hit by Brendan Ranford.
3:31 of 2nd period - Brendan Ranford is hit by Andrew Desjardins and loses puck.
3:48 of 2nd period - Wrist shot by Austin Czarnik.
3:48 of 2nd period - Deflect By Daniel O'Regan.
3:48 of 2nd period - Stopped by Mike McKenna with a rebound.
3:50 of 2nd period - Slapshot by Mark Fayne.
3:50 of 2nd period - Shot Misses the Net.
4:47 of 2nd period - Slapshot by Daniel O'Regan.
4:47 of 2nd period - Shot Misses the Net.
5:21 of 2nd period - Andy Miele is hit by Chris Conner and loses puck.
5:43 of 2nd period - Chris Bourque is hit by Andrew Welinski and loses puck.
6:06 of 2nd period - Trevor Moore is hit by Cory Conacher and loses puck.
6:35 of 2nd period - Nolan Zajac is hit by Andrew Desjardins.
6:45 of 2nd period - Carter Camper is hit by Austin Czarnik and loses puck.
6:56 of 2nd period - Daniel O'Regan is hit by Cristoval Nieves and loses puck.
7:18 of 2nd period - Snap shot by Carter Camper.
7:18 of 2nd period - Shot Misses the Net.
7:20 of 2nd period - Slapshot by Michael Kostka.
7:20 of 2nd period - Deflect By Cristoval Nieves.
7:20 of 2nd period - Shot Misses the Net.
7:20 of 2nd period - Puck is out of play.
7:21 of 2nd period - Chris Wagner wins face-off versus Andrew Mangiapane in Lowell Devils zone.
7:22 of 2nd period - Snap shot by Chris Bourque.
7:22 of 2nd period - Stopped by Reto Berra with a rebound.
8:08 of 2nd period - Minor Penalty to Andrew Desjardins for Tripping.
8:09 of 2nd period - Cory Conacher wins face-off versus Daniel O'Regan in Hershey Bears zone.
8:44 of 2nd period - Slapshot by MacKenzie Weegar.
8:44 of 2nd period - Stopped by Mike McKenna without a rebound.
8:45 of 2nd period - Daniel O'Regan wins face-off versus Cory Conacher in Hershey Bears zone.
8:48 of 2nd period - Wrist shot by Danton Heinen.
8:48 of 2nd period - Shot Blocked by Tyler Wotherspoon.
8:50 of 2nd period - Slapshot by Danton Heinen.
8:50 of 2nd period - Stopped by Mike McKenna with a rebound.
8:52 of 2nd period - Wrist shot by Daniel O'Regan.
8:52 of 2nd period - Shot Misses the Net.
8:54 of 2nd period - Snap shot by Daniel O'Regan.
8:54 of 2nd period - Stopped by Mike McKenna with a rebound.
8:56 of 2nd period - Slapshot by Jack Dougherty.
8:56 of 2nd period - Shot Blocked by Nicolas Deslauriers.
8:58 of 2nd period - Snap shot by Austin Czarnik.
8:58 of 2nd period - Shot Misses the Net.
9:00 of 2nd period - Slapshot by Jack Dougherty.
9:00 of 2nd period - Stopped by Mike McKenna without a rebound.
9:01 of 2nd period - Trevor Smith wins face-off versus Cory Conacher in Hershey Bears zone.
9:36 of 2nd period - Snap shot by Danton Heinen.
9:36 of 2nd period - Goal by Danton Heinen - Hershey Bears : 0 - Lowell Devils : 1.
9:37 of 2nd period - Chris Wagner wins face-off versus Daniel O'Regan in neutral zone.
9:39 of 2nd period - Dalton Prout is hit by Jack Dougherty and loses puck.
9:45 of 2nd period - Icing by Mark Fayne.
9:46 of 2nd period - Daniel O'Regan wins face-off versus Chris Wagner in Lowell Devils zone.
9:53 of 2nd period - Mark Fayne is hit by Chris Wagner and loses puck.
10:06 of 2nd period - Wrist shot by Daniel O'Regan.
10:06 of 2nd period - Stopped by Mike McKenna without a rebound.
10:07 of 2nd period - Trevor Smith wins face-off versus Andy Miele in Hershey Bears zone.
10:10 of 2nd period - Snap shot by Nick Baptiste.
10:10 of 2nd period - Shot Misses the Net.
10:14 of 2nd period - Backhand shot by Trevor Smith.
10:14 of 2nd period - Shot Misses the Net.
10:16 of 2nd period - Wrist shot by Andrew Poturalski.
10:16 of 2nd period - Stopped by Mike McKenna with a rebound.
10:18 of 2nd period - Snap shot by Nick Baptiste.
10:18 of 2nd period - Stopped by Mike McKenna without a rebound.
10:19 of 2nd period - Andy Miele wins face-off versus Daniel O'Regan in Hershey Bears zone.
10:32 of 2nd period - Wrist shot by Cory Conacher.
10:32 of 2nd period - Shot Blocked by Austin Czarnik.
10:34 of 2nd period - Snap shot by Cory Conacher.
10:34 of 2nd period - Shot Misses the Net.
10:44 of 2nd period - Mike Blunden is hit by Andrew Poturalski.
11:22 of 2nd period - Snap shot by Chris Conner.
11:22 of 2nd period - Stopped by Mike McKenna without a rebound.
11:23 of 2nd period - Andy Miele wins face-off versus Daniel O'Regan in Hershey Bears zone.
11:25 of 2nd period - Minor Penalty to Cory Conacher for High sticking.
11:26 of 2nd period - John Hayden wins face-off versus Trevor Smith in Hershey Bears zone.
11:30 of 2nd period - John Hayden is hit by Trevor Smith and loses puck.
11:59 of 2nd period - Wrist shot by Austin Czarnik.
11:59 of 2nd period - Shot Blocked by Michael Kostka.
12:01 of 2nd period - Slapshot by Andrew Welinski.
12:01 of 2nd period - Deflect By Austin Czarnik.
12:01 of 2nd period - Stopped by Mike McKenna with a rebound.
13:25 of 2nd period - Penalty to Cory Conacher is over, Cory Conacher is back on ice.
13:44 of 2nd period - Slapshot by Andy Miele.
13:44 of 2nd period - Stopped by Reto Berra with a rebound.
14:36 of 2nd period - Snap shot by Cory Conacher.
14:36 of 2nd period - Stopped by Reto Berra without a rebound.
14:37 of 2nd period - Colby Cave wins face-off versus Andrew Mangiapane in Lowell Devils zone.
14:38 of 2nd period - Slapshot by Brendan Gaunce.
14:38 of 2nd period - Shot Misses the Net.
14:49 of 2nd period - Minor Penalty to MacKenzie Weegar for Roughing.
14:50 of 2nd period - Tyler Gaudet wins face-off versus Andy Miele in Lowell Devils zone.
15:00 of 2nd period - Slapshot by Dalton Prout.
15:00 of 2nd period - Goal by Dalton Prout - Hershey Bears : 1 - Lowell Devils : 1.
15:01 of 2nd period - Andy Miele wins face-off versus Daniel O'Regan in neutral zone.
15:16 of 2nd period - Snap shot by Andy Miele.
15:16 of 2nd period - Stopped by Reto Berra with a rebound.
16:15 of 2nd period - Wrist shot by Tyler Gaudet.
16:15 of 2nd period - Shot Blocked by Nicolas Deslauriers.
16:37 of 2nd period - Wrist shot by Mike Blunden.
16:37 of 2nd period - Shot Misses the Net.
16:39 of 2nd period - Wrist shot by Chris Bourque.
16:39 of 2nd period - Stopped by Reto Berra with a rebound.
17:25 of 2nd period - Snap shot by Carter Camper.
17:25 of 2nd period - Stopped by Reto Berra without a rebound.
17:26 of 2nd period - Daniel O'Regan wins face-off versus Colby Cave in Lowell Devils zone.
17:37 of 2nd period - Slapshot by Daniel O'Regan.
17:37 of 2nd period - Stopped by Mike McKenna without a rebound.
17:38 of 2nd period - Daniel O'Regan wins face-off versus Andy Miele in Hershey Bears zone.
18:17 of 2nd period - Chris Wagner is hit by Andrew Poturalski and loses puck.
18:30 of 2nd period - Colby Cave is hit by Brendan Ranford and loses puck.
18:42 of 2nd period - Off-side.
18:43 of 2nd period - Daniel O'Regan wins face-off versus Andy Miele in neutral zone.
18:52 of 2nd period - Snap shot by Austin Czarnik.
18:52 of 2nd period - Stopped by Mike McKenna with a rebound.
18:58 of 2nd period - Snap shot by Cory Conacher.
18:58 of 2nd period - Goal by Cory Conacher - Hershey Bears : 2 - Lowell Devils : 1.
18:59 of 2nd period - Andy Miele wins face-off versus Danton Heinen in neutral zone.
19:50 of 2nd period - Dalton Prout is hit by MacKenzie Weegar and loses puck.
Goals for this period are 2 for Hershey Bears vs 1 for Lowell Devils.
Shots for this period are 10 for Hershey Bears vs 13 for Lowell Devils.

3rd period


0:01 of 3rd period - Daniel O'Regan wins face-off versus Andy Miele in neutral zone.
0:11 of 3rd period - Icing by Dalton Prout.
0:12 of 3rd period - Daniel O'Regan wins face-off versus Andy Miele in Hershey Bears zone.
0:27 of 3rd period - Wrist shot by Daniel O'Regan.
0:27 of 3rd period - Stopped by Mike McKenna without a rebound.
0:28 of 3rd period - Trevor Smith wins face-off versus Chris Wagner in Hershey Bears zone.
0:29 of 3rd period - Slapshot by Nick Baptiste.
0:29 of 3rd period - Goal by Nick Baptiste - Hershey Bears : 2 - Lowell Devils : 2.
0:30 of 3rd period - Andy Miele wins face-off versus Daniel O'Regan in neutral zone.
1:05 of 3rd period - Off-side.
1:06 of 3rd period - Chris Wagner wins face-off versus Trevor Smith in neutral zone.
1:13 of 3rd period - Snap shot by Mike Blunden.
1:13 of 3rd period - Shot Blocked by MacKenzie Weegar.
1:15 of 3rd period - Wrist shot by Chris Wagner.
1:15 of 3rd period - Deflect By Mike Blunden.
1:15 of 3rd period - Stopped by Reto Berra without a rebound.
1:16 of 3rd period - Trevor Smith wins face-off versus Chris Wagner in Lowell Devils zone.
1:37 of 3rd period - Snap shot by Chris Wagner.
1:37 of 3rd period - Stopped by Reto Berra with a rebound.
1:39 of 3rd period - Slapshot by Nicolas Deslauriers.
1:39 of 3rd period - Stopped by Reto Berra with a rebound.
1:41 of 3rd period - Slapshot by Chris Wagner.
1:41 of 3rd period - Stopped by Reto Berra with a rebound.
1:43 of 3rd period - Backhand shot by Mike Blunden.
1:43 of 3rd period - Deflect By Chris Bourque.
1:43 of 3rd period - Stopped by Reto Berra with a rebound.
1:45 of 3rd period - Wrist shot by Nicolas Deslauriers.
1:45 of 3rd period - Deflect By Andrew Welinski.
1:45 of 3rd period - Stopped by Reto Berra without a rebound.
1:46 of 3rd period - Daniel O'Regan wins face-off versus Andy Miele in Lowell Devils zone.
2:13 of 3rd period - Danton Heinen is hit by Brendan Gaunce and loses puck.
2:20 of 3rd period - Colby Cave is hit by Mark Fayne and loses puck.
2:39 of 3rd period - Snap shot by Chris Wagner.
2:39 of 3rd period - Shot Misses the Net.
2:52 of 3rd period - Off-side.
2:53 of 3rd period - Trevor Smith wins face-off versus John Hayden in neutral zone.
3:14 of 3rd period - Minor Penalty to Cory Conacher for Tripping.
3:15 of 3rd period - Trevor Smith wins face-off versus John Hayden in Hershey Bears zone.
3:16 of 3rd period - Slapshot by Andrew Poturalski.
3:16 of 3rd period - Shot Blocked by Tyler Wotherspoon.
3:26 of 3rd period - Andrew Poturalski is hit by Nicolas Deslauriers and loses puck.
4:44 of 3rd period - MacKenzie Weegar is hit by Michael Kostka and loses puck.
5:14 of 3rd period - Penalty to Cory Conacher is over, Cory Conacher is back on ice.
5:47 of 3rd period - Gavin Bayreuther is hit by Chris Bourque and loses puck.
5:59 of 3rd period - Icing by Chris Conner.
6:00 of 3rd period - Cory Conacher wins face-off versus Tyler Gaudet in Lowell Devils zone.
6:03 of 3rd period - Snap shot by Andy Miele.
6:03 of 3rd period - Deflect By Cory Conacher.
6:03 of 3rd period - Shot Blocked by Gavin Bayreuther.
6:03 of 3rd period - Puck is out of play.
6:04 of 3rd period - Tyler Gaudet wins face-off versus Andy Miele in Lowell Devils zone.
6:20 of 3rd period - Snap shot by Cory Conacher.
6:20 of 3rd period - Stopped by Reto Berra with a rebound.
6:22 of 3rd period - Snap shot by Andy Miele.
6:22 of 3rd period - Deflect By Cory Conacher.
6:22 of 3rd period - Shot Misses the Net.
6:22 of 3rd period - Puck is out of play.
6:23 of 3rd period - Chris Wagner wins face-off versus Daniel O'Regan in Lowell Devils zone.
6:50 of 3rd period - Andrew Desjardins is hit by Andrew Mangiapane and loses puck.
7:40 of 3rd period - Snap shot by Austin Czarnik.
7:40 of 3rd period - Deflect By Daniel O'Regan.
7:40 of 3rd period - Shot Misses the Net.
7:40 of 3rd period - Puck is out of play.
7:41 of 3rd period - Daniel O'Regan wins face-off versus Chris Wagner in Hershey Bears zone.
7:56 of 3rd period - Austin Czarnik is hit by Chris Bourque.
8:08 of 3rd period - Danton Heinen is hit by Chris Bourque and loses puck.
8:13 of 3rd period - Slapshot by Chris Bourque.
8:13 of 3rd period - Shot Misses the Net.
8:15 of 3rd period - Wrist shot by Mike Blunden.
8:15 of 3rd period - Stopped by Reto Berra with a rebound.
8:17 of 3rd period - Wrist shot by Chris Wagner.
8:17 of 3rd period - Stopped by Reto Berra without a rebound.
8:18 of 3rd period - Trevor Smith wins face-off versus Andy Miele in Lowell Devils zone.
8:18 of 3rd period - Trevor Smith is hit by Andy Miele.
8:52 of 3rd period - Chris Conner is hit by Carter Camper and loses puck.
9:13 of 3rd period - Slapshot by Cory Conacher.
9:13 of 3rd period - Shot Blocked by Sam Anas.
9:15 of 3rd period - Snap shot by Cory Conacher.
9:15 of 3rd period - Stopped by Reto Berra with a rebound.
9:33 of 3rd period - Snap shot by Chris Bourque.
9:33 of 3rd period - Shot Blocked by Daniel O'Regan.
10:53 of 3rd period - Slapshot by Andrew Welinski.
10:53 of 3rd period - Shot Misses the Net.
10:55 of 3rd period - Slapshot by Brendan Ranford.
10:55 of 3rd period - Shot Blocked by Carter Camper.
10:57 of 3rd period - Slapshot by Andrew Welinski.
10:57 of 3rd period - Shot Misses the Net.
10:59 of 3rd period - Slapshot by Chris Conner.
10:59 of 3rd period - Stopped by Mike McKenna without a rebound.
11:00 of 3rd period - Daniel O'Regan wins face-off versus Cory Conacher in Hershey Bears zone.
11:01 of 3rd period - Wrist shot by Austin Czarnik.
11:01 of 3rd period - Stopped by Mike McKenna with a rebound.
11:05 of 3rd period - Snap shot by Daniel O'Regan.
11:05 of 3rd period - Goal by Daniel O'Regan - Hershey Bears : 2 - Lowell Devils : 3.
11:06 of 3rd period - Daniel O'Regan wins face-off versus Andy Miele in neutral zone.
11:38 of 3rd period - Minor Penalty to Mark Fayne for Holding.
11:39 of 3rd period - Tyler Gaudet wins face-off versus Andy Miele in Lowell Devils zone.
12:11 of 3rd period - Tyler Gaudet is hit by Chris Bourque and loses puck.
12:16 of 3rd period - Snap shot by Chris Bourque.
12:16 of 3rd period - Stopped by Reto Berra without a rebound.
12:17 of 3rd period - Daniel O'Regan wins face-off versus Chris Wagner in Lowell Devils zone.
12:28 of 3rd period - Danton Heinen is hit by Chris Bourque and loses puck.
12:33 of 3rd period - Snap shot by Chris Bourque.
12:33 of 3rd period - Stopped by Reto Berra with a rebound.
12:35 of 3rd period - Slapshot by Chris Wagner.
12:35 of 3rd period - Stopped by Reto Berra without a rebound.
12:36 of 3rd period - Austin Czarnik wins face-off versus Andy Miele in Lowell Devils zone.
12:45 of 3rd period - Wrist shot by Cory Conacher.
12:45 of 3rd period - Stopped by Reto Berra with a rebound.
12:47 of 3rd period - Wrist shot by Andrew Desjardins.
12:47 of 3rd period - Shot Misses the Net.
12:49 of 3rd period - Wrist shot by Andy Miele.
12:49 of 3rd period - Deflect By Cory Conacher.
12:49 of 3rd period - Stopped by Reto Berra with a rebound.
12:51 of 3rd period - Wrist shot by Cory Conacher.
12:51 of 3rd period - Goal by Cory Conacher - Hershey Bears : 3 - Lowell Devils : 3.
12:52 of 3rd period - Andy Miele wins face-off versus Daniel O'Regan in neutral zone.
13:07 of 3rd period - Slapshot by Andy Miele.
13:07 of 3rd period - Stopped by Reto Berra with a rebound.
14:44 of 3rd period - Slapshot by Carter Camper.
14:44 of 3rd period - Stopped by Reto Berra without a rebound.
14:45 of 3rd period - Daniel O'Regan wins face-off versus Andy Miele in Lowell Devils zone.
14:52 of 3rd period - Snap shot by Cory Conacher.
14:52 of 3rd period - Shot Misses the Net.
14:54 of 3rd period - Slapshot by Mark Fraser.
14:54 of 3rd period - Deflect By Andy Miele.
14:54 of 3rd period - Shot Blocked by Danton Heinen.
14:54 of 3rd period - Puck is out of play.
14:55 of 3rd period - Daniel O'Regan wins face-off versus Andy Miele in Lowell Devils zone.
15:14 of 3rd period - Snap shot by Austin Czarnik.
15:14 of 3rd period - Shot Blocked by Andrew Desjardins.
15:20 of 3rd period - Austin Czarnik is hit by Mark Fraser and loses puck.
15:31 of 3rd period - Snap shot by Daniel O'Regan.
15:31 of 3rd period - Shot Misses the Net.
15:34 of 3rd period - Icing by Matt Carle.
15:35 of 3rd period - Trevor Smith wins face-off versus Andy Miele in Hershey Bears zone.
16:30 of 3rd period - Snap shot by Chris Wagner.
16:30 of 3rd period - Stopped by Reto Berra with a rebound.
16:42 of 3rd period - Snap shot by Austin Czarnik.
16:42 of 3rd period - Shot Misses the Net.
16:44 of 3rd period - Slapshot by MacKenzie Weegar.
16:44 of 3rd period - Shot Blocked by Dalton Prout.
16:46 of 3rd period - Snap shot by Daniel O'Regan.
16:46 of 3rd period - Shot Misses the Net.
17:02 of 3rd period - Andy Miele is hit by Andrew Poturalski and loses puck.
19:00 of 3rd period - Snap shot by Andrew Mangiapane.
19:00 of 3rd period - Stopped by Mike McKenna without a rebound.
19:01 of 3rd period - Andy Miele wins face-off versus Daniel O'Regan in Hershey Bears zone.
19:16 of 3rd period - Cory Conacher is hit by Daniel O'Regan and loses puck.
19:51 of 3rd period - Wrist shot by Nick Baptiste.
19:51 of 3rd period - Shot Misses the Net.
Goals for this period are 1 for Hershey Bears vs 2 for Lowell Devils.
Shots for this period are 19 for Hershey Bears vs 6 for Lowell Devils.

Overtime #1


0:01 of 1st overtime period - Cory Conacher wins face-off versus Austin Czarnik in neutral zone.
0:12 of 1st overtime period - Snap shot by Austin Czarnik.
0:12 of 1st overtime period - Stopped by Mike McKenna without a rebound.
0:13 of 1st overtime period - Daniel O'Regan wins face-off versus Cory Conacher in Hershey Bears zone.
0:28 of 1st overtime period - Snap shot by Andy Miele.
0:28 of 1st overtime period - Stopped by Reto Berra without a rebound.
0:29 of 1st overtime period - Austin Czarnik wins face-off versus Cory Conacher in Lowell Devils zone.
1:31 of 1st overtime period - Mark Fayne is hit by Michael Kostka and loses puck.
1:41 of 1st overtime period - Icing by Danton Heinen.
1:42 of 1st overtime period - Cory Conacher wins face-off versus Austin Czarnik in Lowell Devils zone.
2:15 of 1st overtime period - Snap shot by Chris Wagner.
2:15 of 1st overtime period - Shot Misses the Net.
2:35 of 1st overtime period - Wrist shot by Colby Cave.
2:35 of 1st overtime period - Shot Misses the Net.
2:37 of 1st overtime period - Wrist shot by Brendan Gaunce.
2:37 of 1st overtime period - Shot Blocked by Austin Czarnik.
3:09 of 1st overtime period - Brendan Ranford is hit by Chris Wagner and loses puck.
3:16 of 1st overtime period - Chris Wagner is hit by Nick Baptiste and loses puck.
Goals for this period are 0 for Hershey Bears vs 0 for Lowell Devils.
Shots for this period are 1 for Hershey Bears vs 1 for Lowell Devils.

ShootOut


5:00 of 1st overtime period - Penalty Shot by Cory Conacher for Hershey Bears.
5:00 of 1st overtime period - Wrist shot by Cory Conacher.
5:00 of 1st overtime period - Stopped by Reto Berra.
5:00 of 1st overtime period - Penalty Shot by Daniel O'Regan for Lowell Devils.
5:00 of 1st overtime period - Deke by Daniel O'Regan.
5:00 of 1st overtime period - Goal by Daniel O'Regan.
5:00 of 1st overtime period - Penalty Shot by Andy Miele for Hershey Bears.
5:00 of 1st overtime period - Wrist shot by Andy Miele.
5:00 of 1st overtime period - Stopped by Reto Berra.
5:00 of 1st overtime period - Penalty Shot by Chris Conner for Lowell Devils.
5:00 of 1st overtime period - Wrist shot by Chris Conner.
5:00 of 1st overtime period - Stopped by Mike McKenna.
5:00 of 1st overtime period - Penalty Shot by Andrew Desjardins for Hershey Bears.
5:00 of 1st overtime period - Snap shot by Andrew Desjardins.
5:00 of 1st overtime period - Stopped by Reto Berra.